 Dungeon Crawl Stone Soup version 0.17.1-3-g152610e (webtiles) character file.

7 Gest the Gusty (level 1, 0/21 HPs)
             Began as a Demigod Air Elementalist on Dec 23, 2015.
             Slain by a giant gecko (3 damage)
             ... on level 1 of the Dungeon on Mar 2, 2016.
             The game lasted 00:03:08 (282 turns).

Gest the Gusty (Demigod Air Elementalist)            Turns: 282, Time: 00:03:08

Health: 0/21       AC: 20    Str:  9    XL:     1   Next: 73%
Magic:  0/5        EV:  2    Int: 21    God:
Gold:   61         SH:  0    Dex: 16    Spells: 1 memorised, 2 levels left

rFire  . . .     SeeInvis .     (no weapon)
rCold  . . .     Clarity  .     (armour currently unavailable)
rNeg   + + +     SustAt   +     (no shield)
rPois  +         Gourm    .     (helmet currently unavailable)
rElec  .         Spirit   .     (cloak currently unavailable)
rCorr  .         Warding  .     (gloves currently unavailable)
rMut   .         NoTele   +     (boots currently unavailable)
MR     .....                    (no amulet)
Stlth  ++........               (no ring)
                                (no ring)

@: tree-form, not resistant to hostile enchantments, unstealthy
A: clever 1, high mp 1, weak 1, subdued magic 1, sustain attributes
a: no special abilities


You were on level 1 of the Dungeon.
You were not hungry.
You were a tree.
You visited 1 branch of the dungeon, and saw 1 of its levels.

You collected 61 gold pieces.

Inventory:

Armour
 a - a +0 robe (melded)
Jewellery
 l - an uncursed ring of protection from magic {unknown}
Scrolls
 d - 2 scrolls of fog {unknown}
 e - a scroll of remove curse {unknown}
 g - a scroll of teleportation {unknown}
 i - a scroll of enchant weapon {unknown}
 j - a scroll of magic mapping {unknown}
 k - a scroll of identify {unknown}
Books
 b - a book of Air

   Spells                             Type                      Level
   a - Shock                          Conjuration/Air              1
   b - Swiftness                      Charms/Air                   2
   c - Repel Missiles                 Charms/Air                   2
   d - Static Discharge               Conjuration/Air              3
   e - Lightning Bolt                 Conjuration/Air              5
Comestibles
 c - a bread ration


   Skills:
 + Level 2.0 Dodging
 + Level 1.7 Stealth
 + Level 1.9 Spellcasting
 + Level 0.8 Conjurations
 + Level 2.9 Air Magic


You had 2 spell levels left.
You knew the following spells:

 Your Spells              Type           Power        Failure   Level  Hunger
a - Shock                 Conj/Air       #...         4%          1    #......


Dungeon Overview and Level Annotations

Branches:
Dungeon (1/15)


Innate Abilities, Weirdness & Mutations

You have an increased reservoir of magic (+10% MP).
Your attributes are resistant to harm.
Your mind is acute. (Int +2)
You are weak. (Str -2)
Your spells are a little easier to cast, but a little less powerful.


Message History

It was a potion of lignification.
You turn into a tree.
Your +0 robe melds into your body.
Your roots penetrate the ground.
The giant gecko completely misses you.
The jackal bites you but does no damage. x3
The giant gecko bites you but does no damage.
Drink which item? (? for menu, Esc to quit)
It was a potion of mutation.
You feel extremely strange.
You feel clever.
You feel weaker.
Your connection to magic feels subdued.
The jackal bites you but does no damage. x2
The giant gecko bites you but does no damage.
Casting: Shock
Confirm with . or Enter, or press ? or * to list all spells.
Aiming: Shock
Press: ? - help, Shift-Dir - straight line, f - giant gecko, p - jackal
Aim: a giant gecko (lightly wounded, clinging)
The zap hits the giant gecko.
The giant gecko is moderately wounded.
The jackal bites you but does no damage. x2
The giant gecko bites you.
You die...

##########
#h♣l......
#h######## #.#
#.# #.#(# #.#
#.#.# #.#
#.#.# #.#
#####+#.#.#
#.#
........#.#
#.#
........#.####


You could see a giant gecko and 2 jackals.

Vanquished Creatures
  2 giant cockroaches (D:1)
  A goblin (D:1)
  2 jackals (D:1)
  A giant newt (D:1)
6 creatures vanquished.

Notes
Turn   | Place    | Note
--------------------------------------------------------------
     0 | D:1      | Gest the Demigod Air Elementalist began the quest for the Orb.
     0 | D:1      | Reached XP level 1. HP: 14/14 MP: 5/5
    32 | D:1      | Upgraded the game from 0.17.1-1-g73c8601 to 0.17.1-3-g152610e
   281 | D:1      | Gained mutation: Your mind is acute. (Int +2) [potion of mutation]
   281 | D:1      | Gained mutation: You are weak. (Str -2) [potion of mutation]
   281 | D:1      | Gained mutation: Your spells are a little easier to cast, but a little less powerful. [potion of mutation]
   282 | D:1      | Slain by a giant gecko

Action                   || total
-------------------------++-------
Melee: Unarmed           ||     4
 Cast: Shock             ||    15
  Use: Potion            ||     2
